 Dungeon Crawl Stone Soup version 0.31.0-11-ge490571c62 (webtiles) character file.

Game seed: 16909252298169205386

120 qw the Skirmisher (level 4, -8/25 HPs)
             Began as a Deep Elf Hunter on Feb 4, 2024.
             Killed from afar by Blork the orc (10 damage)
             ... with a puff of flame
             ... on level 4 of the Dungeon.
             The game lasted 00:00:09 (2286 turns).

qw the Skirmisher (Deep Elf Hunter)                 Turns: 2286, Time: 00:00:10

Health: -8/25      AC:  5    Str: 10    XL:     4   Next: 75%
Magic:  6/6        EV: 11    Int: 14    God:
Gold:   230        SH:  5    Dex: 18    Spells: 3/3 levels left

rFire   . . .        a - +2 shortbow
rCold   + . .        (shield currently unavailable)
rNeg    + . .        h - +0 ring mail of the Other Side {Rampage rC+ Will+ rCorr}
rPois   .            (no helmet)
rElec   .            (no cloak)
rCorr   +            (no gloves)
SInv    .            (no boots)
Will    +....        e - amulet of reflection
Stlth   +            g - ring of positive energy
HPRegen 0.24/turn    (no ring)
MPRegen 0.10/turn

%: reflection, rampage
@: hasted, very quick
A: no striking features
a: no special abilities


You were on level 4 of the Dungeon.
You visited 1 branch of the dungeon, and saw 4 of its levels.

You collected 230 gold pieces.


   Skills:
 - Level 1.5 Fighting
 + Level 8.2 Ranged Weapons
 - Level 2.4 Dodging
 - Level 1.2 Stealth


You had 3 spell levels left.
You didn't know any spells.
Your spell library was empty.

Inventory:

Hand Weapons
 a - a +2 shortbow (weapon)
Armour
 c - a scarf of invisibility
 h - the +0 ring mail of the Other Side (worn) {Rampage rC+ Will+ rCorr}
   (You found it on level 3 of the Dungeon)

   rC+:       It protects you from cold.
   Will+:     It increases your willpower.
   rCorr:     It protects you from acid and corrosion.
   Rampage:   It bestows one free step when moving towards enemies.
Jewellery
 e - an amulet of reflection (around neck)
 g - a ring of positive energy (left hand)
Scrolls
 f - a scroll of blinking {unknown}
 j - a scroll of vulnerability {unknown}
Potions
 b - a potion of haste
 d - a potion of cancellation
 i - 2 potions of heal wounds
 k - a potion of degeneration {unknown}

Dungeon Overview and Level Annotations

Branches:
Dungeon (4/15)
 Temple: D:4-7

Altars:

Annotations:
D:4 Blork the orc


Message History

The orc is lightly wounded.
The orc shouts!
You hear a shout! x3
You shoot an arrow. The arrow hits the orc!
You kill the orc!
You shoot an arrow. The arrow hits the orc!
You kill the orc!
Found a stone staircase leading down.
An orc priest and an orc come into view.
The orc shouts!
An orc comes into view. It is wielding a +0 flail.
You shoot an arrow. The orc priest shouts!
The arrow hits the orc!
You kill the orc!
You hear a shout!
The orc priest begins to cast a cantrip, but forgets the words!
Blork the orc comes into view.
He is wielding a +0 mace.
You shoot an arrow.
The arrow closely misses the orc priest.
You shoot an arrow. The arrow hits the orc priest!
The orc priest is severely wounded.
The orc priest calls down the wrath of Beogh upon you.
Beogh smites you!
Ouch! That really hurt!
A dart slug comes into view.
You hear a shout!
2283 ||| DRINKING 2 potions of haste.
You feel yourself speed up.
An orc comes into view. It is wielding a +0 short sword.
An orc comes into view. It is wielding a +0 club.
You shoot an arrow. The arrow barely misses the orc.
The arrow hits Blork the orc!
Blork the orc is moderately wounded.
You shoot an arrow.
The arrow hits the orc but does no damage.
You shoot an arrow. The arrow closely misses the orc.
The orc priest invokes the aid of Beogh against you.
Beogh smites you! Blork the orc casts a spell at you.
The puff of flame hits you!
You die...

###############
#..............
######......... ..
#..).......#.##.##?.
#.#....>..<......).#
...).##.....#.##.##.
# ##.####....##.#
#[### #.##.#.#.###@#
....
#.#.#..####.o.oo.wo.
... #..###.#
#......).. #.#
#.#.#.... >.....##.#
#.#
#.##.######..####
#.. #.##.# #..# ##..
#.##.# #..# #...
#....# #..# #...
###..#### #..# #.<.


You could see Blork the orc, an orc priest, a dart slug and 2 orcs.

Vanquished Creatures
  An orc wizard (D:3)
  2 adders
  3 dart slugs
  9 orcs
  7 bats
  2 endoplasms
  A giant cockroach (D:4)
  8 goblins
  2 hobgoblins
  7 jackals
  3 kobolds
  2 quokkas (D:2)
  7 ball pythons
  2 frilled lizards (D:3)
  3 rats
59 creatures vanquished.

Notes
Turn   | Place    | Note
-------+----------+-------------------------------------------
     0 | D:1      | qw the Deep Elf Hunter began the quest for the Orb.
     0 | D:1      | Reached XP level 1. HP: 12/12 MP: 3/3
     0 | D:1      | 0 ||| qw: Version: 0.3-a-160-g6735b56
     0 | D:1      | 0 ||| qw: Game counter: 5365
     0 | D:1      | 0 ||| qw: Melee chars always use a shield: true
     0 | D:1      | 0 ||| qw: God list: Okawaru
     0 | D:1      | 0 ||| qw: Allow faded altars: false
     0 | D:1      | 0 ||| qw: Do Orc after clearing Dungeon:15 true
     0 | D:1      | 0 ||| qw: Do second Lair branch before Depths: true
     0 | D:1      | 0 ||| qw: Lair rune preference: random
     0 | D:1      | 0 ||| qw: Goals: Normal
     0 | D:1      | 0 ||| PLANNING D:1-11
   161 | D:1      | You fall into a shaft and drop 1 floor!
   162 | D:2      | 162 ||| DROPPING scroll of butterflies.
   206 | D:1      | Reached skill level 6 in Ranged Weapons
   206 | D:1      | Reached XP level 2. HP: 16/16 MP: 4/4
   568 | D:1      | 568 ||| READING 2 scrolls labelled LOPLOB SERAEM.
   568 | D:1      | 568 ||| IDENTIFYING glowing sapphire potion
   569 | D:1      | 569 ||| READING scroll of identify.
   569 | D:1      | 569 ||| IDENTIFYING fizzy ruby potion
   570 | D:1      | 570 ||| READING scroll labelled ROGESE LOYMIONT.
   571 | D:1      | 571 ||| DROPPING potion of berserk rage.
   633 | D:2      | 633 ||| FLEEEEING.
   634 | D:2      | 634 ||| FLEEEEING.
   635 | D:2      | 635 ||| FLEEEEING.
   636 | D:2      | 636 ||| FLEEEEING.
   637 | D:2      | 637 ||| FLEEEEING.
   639 | D:2      | 639 ||| FLEEEEING.
   640 | D:2      | 640 ||| STAIRDANCE
   656 | D:2      | 656 ||| STAIRDANCE
   671 | D:2      | 671 ||| STAIRDANCE
   985 | D:2      | Reached XP level 3. HP: 20/20 MP: 5/5
  1174 | D:2      | 1174 ||| UPGRADING to ring of positive energy.
  1175 | D:2      | 1175 ||| READING scroll of identify.
  1175 | D:2      | 1175 ||| IDENTIFYING fizzy green potion
  1176 | D:2      | 1176 ||| READING scroll labelled PINERH DASOH.
  1177 | D:2      | 1177 ||| READING 2 scrolls labelled KUUMUK WETAA.
  1177 | D:2      | 1177 ||| ENCHANTING +0 shortbow.
  1178 | D:2      | 1178 ||| READING scroll of enchant weapon.
  1178 | D:2      | 1178 ||| ENCHANTING +1 shortbow.
  1179 | D:2      | 1179 ||| READING scroll labelled EVEUCSI XOMM.
  1180 | D:2      | 1180 ||| DROPPING potion of lignification.
  1247 | D:3      | Reached skill level 7 in Ranged Weapons
  1419 | D:3      | 1419 ||| READING scroll labelled UTAUDGH ZOQOAZE.
  1486 | D:2      | 1486 ||| READING scroll of identify.
  1486 | D:2      | 1486 ||| IDENTIFYING pink potion
  1487 | D:2      | 1487 ||| DRINKING 2 glowing red potions.
  1714 | D:3      | Identified the +0 ring mail of the Other Side {Rampage rC+
                  | Will+ rCorr}
  1729 | D:3      | 1729 ||| FLEEEEING.
  1732 | D:3      | 1732 ||| FLEEEEING.
  1734 | D:3      | 1734 ||| FLEEEEING.
  1735 | D:3      | 1735 ||| FLEEEEING.
  1736 | D:3      | 1736 ||| FLEEEEING.
  1739 | D:3      | 1739 ||| FLEEEEING.
  1742 | D:3      | 1742 ||| DRINKING clear potion.
  1743 | D:3      | 1743 ||| FLEEEEING.
  1746 | D:3      | 1746 ||| FLEEEEING.
  1747 | D:3      | 1747 ||| FLEEEEING.
  1757 | D:3      | Reached XP level 4. HP: 11/25 MP: 6/6
  2027 | D:3      | 2027 ||| UPGRADING to +0 ring mail.
  2037 | D:3      | 2037 ||| DROPPING +0 leather armour.
  2038 | D:3      | 2038 ||| UPGRADING to +0 ring mail of the Other Side
                  | {Rampage rC+ Will+ rCorr}.
  2048 | D:3      | 2048 ||| DROPPING +0 ring mail.
  2049 | D:3      | 2049 ||| UPGRADING to amulet of reflection.
  2241 | D:4      | Reached skill level 8 in Ranged Weapons
  2280 | D:4      | Noticed Blork the orc
  2283 | D:4      | 2283 ||| DRINKING 2 potions of haste.
  2286 | D:4      | HP: 2/25 [orc priest/divine providence (10)]
  2286 | D:4      | Killed from afar by Blork the orc

Levels and vault maps discovered:
D:1:      shiori_arrival_maze, layout_loops_ring
D:2:      layout_basic, minmay_tiny_reverse_x
D:3:      layout_basic
D:4:      layout_loops_ring, uniq_blork_the_orc

Skill      XL: |  1  2  3  4 |
---------------+-------------+-----
Ranged Weapons | 6 7 8 |  8.2
Fighting       | |  1.5
Dodging        | |  2.4
Stealth        | |  1.2

Action                     |  1- 3 |  4- 6 || total
---------------------------+-------+-------++-------
   Fire: Shortbow          |   125 |    47 ||   172
    Use: Scroll            |    10 |       ||    10
         Potion            |     2 |     1 ||     3
 Armour: Leather armour    |    26 |     1 ||    27
         Ring mail         |       |     4 ||     4
  Dodge: Dodged            |    31 |     5 ||    36
  Block: Other             |       |     3 ||     3

Table legend:
 A = Non-vault XP
 B = Vault XP
 C = Vault XP percentage of total XP
 D = Non-vault monster count
 E = Vault monster count
 F = Vault count percentage of total count
                 A         B        C        D         E       F
            +---------+---------+-------+---------+---------+-------
      Total |     166 |       6 |   3.5 |      55 |       4 |   6.8
            +---------+---------+-------+---------+---------+-------
        D:1 |      18 |       3 |  14.3 |       9 |       2 |  18.2
        D:2 |      40 |       3 |   7.0 |      14 |       2 |  12.5
        D:3 |      63 |       0 |   0.0 |      17 |       0 |   0.0
        D:4 |      45 |       0 |   0.0 |      15 |       0 |   0.0
            +---------+---------+-------+---------+---------+-------
